Cogmind - Beta 13 @@@ ROGUE MODE // 2024.04.29 @ 22:19:23 Player: Florist Result: Destroyed by P-80 Master with Gamma Rifle Performance ------------- Evolutions (8) 4000 Regions Visited (22) 4400 Robots Destroyed (144) 720 Value Destroyed (7095) 7095 Prototype IDs (42) 840 Alien Tech Used (0) 0 Bonus (1596) 1596 TOTAL SCORE: 18651 Bonus ------- Follower Combat Kills 505 Entered Garrisons 200 Entered DSFs 500 Aligned with FarCom 300 Met Data Miner 300 Friendly Fire -209 Cogmind --------- Core Integrity 0/1450 Matter 300/300 Energy 99/100 System Corruption 15% Temperature Cool (0) Movement Core (50) Location -2/Garrison Parts ------- > --- POWER (3) -------- (None) > --- PROPULSION (4) --- (None) > --- UTILITY (11) ----- Advanced Signal Interpreter Improved Armor Integrity Analyzer > --- WEAPON (5) ------- (None) > --- INVENTORY (5) ---- Heavy Neutron Cannon Peak State ------------ > --- POWER ------------ Light Antimatter Reactor Light Antimatter Reactor Quantum Reactor > --- PROPULSION ------- Flexi-carbon Leg Flexi-carbon Leg Myomer Leg > --- UTILITY ---------- Advanced Heat Sink Advanced Heat Sink Advanced Signal Interpreter Improved Armor Integrity Analyzer Femtoactuators Improved Phase Shifter Improved Utility Shielding Heavy Armor Plating > --- WEAPON ----------- Enhanced Quantum Rifle Coil Gun Railgun Railgun Linear Accelerator > --- INVENTORY -------- (None) [Rating: 124] Favorites ----------- Power Fission Core Engine Light Ion Engine Power Core Fission Core Reactor Quantum Reactor Propulsion Aluminum Leg Treads Centrium Heavy Treads Leg Aluminum Leg Wheel Wheel Flight Unit Xenon Bombardment Thruster Utility Advanced Heat Sink Device Advanced Heat Sink Storage Lightpack 2.0 Processor Signal Interpreter Hackware Advanced Hacking Suite Protection Heavy Armor Plating Weapon Flak Gun Energy Gun Heavy Laser Energy Cannon Improved EM Pulse Cannon Ballistic Gun Flak Gun Ballistic Cannon Mini Assault Cannon Impact Weapon Mace Slashing Weapon Makeshift Axe Piercing Weapon Heavy Pick Build | -11 -10 -10 -10 -9 -8 -7 -7 -7 -7 -6 -6 -6 -6 -6 -6 -5 -4 -4 -3 -3 -2 -2 ------- Run | Yrd Mat Min Exi Min Mat Fac Low Low Dat Pro Fac Ext Cet Arc Hub Fac Fac DSF Res Arm Res Gar Slots Evolved 16 | . . . . . 4 2 . . . . 2 . . . . 2 2 . 2 . 2 . Power 2 | . . . . . . . . . . . . . . . . . . . 1 . 1 . Propulsion 2 | . . . . . . 1 . . . . . . . . . 1 . . . . . . Utility 9 | . . . . . 3 1 . . . . 1 . . . . . 2 . 1 . 1 . Weapon 3 | . . . . . 1 . . . . . 1 . . . . 1 . . . . . . Parts Attached 218 | 6 4 . . . 16 34 5 6 . 8 4 26 15 6 2 2 . 6 32 30 15 1 Power 25 | 1 . . . . . 6 . . . . . 6 2 . . . . 1 3 3 3 . Engine 5 | 1 . . . . . 1 . . . . . 3 . . . . . . . . . . Core 10 | . . . . . . 5 . . . . . 3 1 . . . . 1 . . . . Reactor 10 | . . . . . . . . . . . . . 1 . . . . . 3 3 3 . Propulsion 68 | 2 3 . . . 7 13 1 2 . 3 1 4 1 1 . 1 . 4 12 9 4 . Treads 3 | . . . . . . . . . . . . . 1 1 . 1 . . . . . . Leg 38 | 2 . . . . 5 13 1 2 . 3 1 4 . . . . . . . 7 . . Wheel 5 | . 3 . . . 2 . . . . . . . . . . . . . . . . . Hover . | . . . . . . . . . . . . . . . . . . . . . . . Flight 22 | . . . . . . . . . . . . . . . . . . 4 12 2 4 . Utility 53 | 1 1 . . . 3 3 2 2 . 2 1 6 6 3 2 . . 1 8 10 2 . Device 33 | . . . . . 1 1 2 2 . 1 1 4 5 3 2 . . 1 2 7 1 . Storage 3 | 1 1 . . . 1 . . . . . . . . . . . . . . . . . Processor 9 | . . . . . 1 2 . . . 1 . 2 . . . . . . 2 1 . . Hackware 3 | . . . . . . . . . . . . . . . . . . . 3 . . . Protection 5 | . . . . . . . . . . . . . 1 . . . . . 1 2 1 . Artifact . | . . . . . . . . . . . . . . . . . . . . . . . Weapon 72 | 2 . . . . 6 12 2 2 . 3 2 10 6 2 . 1 . . 9 8 6 1 Energy Gun 12 | . . . . . 2 . 1 . . 1 1 2 . . . . . . . 2 3 . Energy Cannon 10 | . . . . . 1 1 1 2 . 2 . . . . . . . . 1 . 1 1 Ballistic Gun 30 | 2 . . . . 2 6 . . . . . 1 5 2 . 1 . . 6 4 1 . Ballistic Cannon 14 | . . . . . 1 5 . . . . 1 4 . . . . . . . 2 1 . Launcher . | . . . . . . . . . . . . . . . . . . . . . . . Special Weapon . | . . . . . . . . . . . . . . . . . . . . . . . Impact Weapon 2 | . . . . . . . . . . . . 1 1 . . . . . . . . . Slashing Weapon 2 | . . . . . . . . . . . . 2 . . . . . . . . . . Piercing Weapon 2 | . . . . . . . . . . . . . . . . . . . 2 . . . Special Melee Weapon . | . . . . . . . . . . . . . . . . . . . . . . . Unidentified Prototypes 10 | . . . . . 2 1 . . . . . . 2 . . . . 1 1 . 3 . Corrupted Parts 6 | . . . . . . . . . . 1 . 1 3 1 . . . . . . . . System Corruption 36 | . . . . . . . . . . 7 . 4 20 5 . . . . . . . . Parts Lost 105 | . 1 . . . 6 9 . 1 . 1 . 14 11 2 . . . 12 14 12 17 5 Power 16 | . . . . . 1 3 . . . . . 3 . . . . . 1 2 2 3 1 Propulsion 33 | . 1 . . . 3 3 . 1 . . . 2 3 . . . . 4 7 3 4 2 Utility 25 | . . . . . . . . . . 1 . 3 5 1 . . . 5 1 4 3 2 Weapon 31 | . . . . . 2 3 . . . . . 6 3 1 . . . 2 4 3 7 . Highest Loss Streak 12 | . 1 . . . 3 4 . 1 . 1 . 7 10 2 . . . 5 8 4 12 5 To Critical Strikes 2 | . . . . . . . . . . . . . . . . . . 1 . . . 1 Average Slot Usage (%) 77 | . 84 85 85 85 59 79 83 81 65 82 86 82 69 78 93 94 . 63 41 75 65 26 Engine 3 | . 14 14 14 14 1 1 . . . . . 4 . . . . . . . . . . Core 2 | . . . . . . 4 7 7 7 7 6 1 . . . . . 2 . . . . Reactor 1 | . . . . . . . . . . . . . 4 6 6 5 . 1 3 7 10 2 Treads 1 | . . . . . . . . . . . . . 5 10 13 17 . 11 . . . . Leg 12 | . 6 . . . 11 21 22 22 23 23 20 19 2 . . . . . . 13 9 . Wheel 4 | . 20 28 28 28 5 . . . . . . . . . . . . . . . . . Device 9 | . . . . . . 6 6 5 7 5 13 14 26 33 46 41 . 25 1 11 11 3 Storage 6 | . 13 14 14 14 9 7 7 7 7 7 6 6 . . . . . . . . . . Processor 8 | . . . . . 6 15 15 15 15 15 13 11 . . . . . . 6 9 8 8 Energy Gun 2 | . . . . . 3 . 7 7 1 7 6 7 . . . . . . . 5 3 . Energy Cannon 2 | . . . . . 2 . 7 6 1 15 13 1 . . . . . . . . . 3 Ballistic Gun 13 | . 28 28 28 28 14 17 . . . . . . 19 25 26 29 . 20 3 6 9 . Ballistic Cannon 3 | . . . . . 4 2 7 7 1 . 6 11 . . . . . . . 3 2 . Naked Turns . | . . . . . . . . . . . . . . . . . . . . . . . Heaviest Build 146 | 11 146 146 146 146 18 33 31 32 32 35 39 44 50 55 55 58 58 58 29 100 100 31 Greatest Support 126 | 20 20 20 20 20 23 51 40 45 45 55 60 60 80 103 103 126 126 126 32 85 65 22 Greatest Overweight (x) 14 | . 14 7 7 7 . 1 . 2 . . . 1 . . . . . 1 1 3 7 2 Average Overweight (x) . | . 6 7 7 7 . . . . . . . . . . . . . . . . . . Largest Inventory Capacity 40 | 8 30 30 30 30 40 40 40 40 40 40 40 40 40 5 5 5 5 5 5 5 5 5 Average Capacity 27 | 6 29 30 30 30 40 40 40 40 40 40 40 40 6 5 5 5 5 5 5 5 5 5 Most Carried 29 | 4 8 8 14 14 10 27 21 20 22 22 20 29 21 5 5 4 3 5 5 5 3 1 Average Carried 11 | . 4 8 12 14 5 14 18 17 21 17 18 25 4 4 4 3 3 3 3 1 . . Final Capacity 40 | 8 30 30 30 30 40 40 40 40 40 40 40 40 5 5 5 5 5 5 5 5 5 5 Final Carried 22 | . 8 8 14 14 4 21 20 19 22 21 19 20 4 4 5 3 3 5 4 1 1 1 Class Distribution -------------------- 44% | Hauler-Skirmisher 18% | Hauler-Mutant 11% | Scavenger-Skirmisher 6% | Hauler-Gunner 6% | Scavenger-Tank 3% | Hacker-Mutant Dominant Class ---------------- Hauler-Mutant | -10/Materials Hauler-Mutant | -10/Mines Hauler-Mutant | -10/Exiles Hauler-Mutant | -9/Mines Hauler-Skirmisher | -8/Materials Hauler-Skirmisher | -7/Factory Hauler-Skirmisher | -7/Lower Caves Hauler-Skirmisher | -7/Lower Caves Hauler-Mutant | -7/Data Miner Hauler-Gunner | -6/Proximity Caves Hauler-Skirmisher | -6/Factory Hauler-Skirmisher | -6/Extension Scavenger-Gunner | -6/Cetus Scavenger-Skirmisher | -6/Archives Scavenger-Skirmisher | -6/Hub_04(d) Scavenger-Skirmisher | -5/Factory Scavenger-Skirmisher | -4/Factory Scavenger-Skirmisher | -4/DSF Hacker-Mutant | -3/Research Scavenger-Tank | -3/Armory Scavenger-Tank | -2/Research Mutant | -2/Garrison Resources | -11 -10 -10 -10 -9 -8 -7 -7 -7 -7 -6 -6 -6 -6 -6 -6 -5 -4 -4 -3 -3 -2 -2 ----------- Run | Yrd Mat Min Exi Min Mat Fac Low Low Dat Pro Fac Ext Cet Arc Hub Fac Fac DSF Res Arm Res Gar Matter Collected 6808 | 207 177 15 . 4 409 1127 334 176 . 187 41 1266 227 325 219 . . 212 523 943 416 . Remotely 429 | . . . . . . . . . . . . 429 . . . . . . . . . . Salvage Created 6980 | . 283 54 . 39 544 801 165 119 . 414 31 1283 307 325 219 . . 252 606 912 602 24 Parts 329 | . 30 4 . . 25 43 3 12 . 12 1 46 9 21 12 . . 11 33 40 27 . Haulers Intercepted 1 | . 1 . . . . . . . . . . . . . . . . . . . . . Recyclers Shooed 11 | . . . . . 2 2 . . . . . 3 . . . . . . 2 . 2 . Parts Field Recycled . | . . . . . . . . . . . . . . . . . . . . . . . Retrieved Matter . | . . . . . . . . . . . . . . . . . . . . . . . Parts Self-Destructed 18 | . . . . . . . 3 8 . 7 . . . . . . . . . . . . Prevented 8 | . . . . . . . . 3 . 5 . . . . . . . . . . . . Kills | -11 -10 -10 -10 -9 -8 -7 -7 -7 -7 -6 -6 -6 -6 -6 -6 -5 -4 -4 -3 -3 -2 -2 ------- Run | Yrd Mat Min Exi Min Mat Fac Low Low Dat Pro Fac Ext Cet Arc Hub Fac Fac DSF Res Arm Res Gar Combat Hostiles Destroyed 124 | . 7 1 . 1 14 21 3 5 . 7 1 19 5 4 3 . . 2 9 13 9 . Melee 4 | . . . . . . . . . . . . . 2 . . . . . 2 . . . Guns 69 | . 7 1 . 1 5 14 . 3 . 1 . 4 1 4 3 . . 2 7 7 9 . Cannons 41 | . . . . . 9 4 2 2 . 5 1 13 . . . . . . . 5 . . AOE 4 | . . . . . . 3 1 . . . . . . . . . . . . . . . Classes Destroyed 17 | . 5 . . . 1 6 . . . . . 1 . . 1 . . . 1 1 1 . Worker 4 | . 2 . . . . 2 . . . . . . . . . . . . . . . . Builder 4 | . 1 . . . 1 . . . . . . 2 . . . . . . . . . . Hauler 1 | . 1 . . . . . . . . . . . . . . . . . . . . . Recycler 6 | . . . . . . 1 . . . . . 3 . . . . . . 1 . 1 . Operator 1 | . . . . . . . . . . . . . . . . . . . 1 . . . Watcher 4 | . . . . . . . . . . . . . . . 1 . . . 1 1 . 1 Swarmer 26 | . 5 . . . 2 . . 4 . 3 . 2 . . . . . . 6 . 4 . Grunt 44 | . 2 1 . . 11 10 3 . . 4 . 7 1 . 2 . . . . 3 . . Brawler 5 | . . . . . . 2 . . . . . 3 . . . . . . . . . . Duelist 1 | . . . . . 1 . . . . . . . . . . . . . . . . . Protector 1 | . . . . . . . . . . . . . . . . . . . . 1 . . Sentry 15 | . . . . . . 2 . . . . . 2 . 4 1 . . 1 . 5 . . Specialist 2 | . . . . . . . . . . . . . . . . . . . . . 2 . Hunter 5 | . . . . . . 1 . 1 . . . 3 . . . . . . . . . . Programmer 15 | . . . . . . 5 . . . . 1 . . . . . . . 3 3 3 . Heavy 3 | . . . . . . 1 . . . . . . . . . . . 1 . 1 . . Behemoth 1 | . . . . . . . . . . . . 1 . . . . . . . . . . Cetus Guard 4 | . . . . . . . . . . . . . 4 . . . . . . . . . Decomposer 1 | . . . . . . . 1 . . . . . . . . . . . . . . . Packrat 1 | . . . . . . . . . . 1 . . . . . . . . . . . . Butcher 1 | . . . . . . . . . . . . 1 . . . . . . . . . . Best Kill Streak 8 | . 3 1 . 1 8 4 3 4 . 3 1 6 4 2 1 . . 2 4 3 3 1 Combat Bots Only 8 | . 2 1 . 1 8 3 3 4 . 3 1 3 4 2 1 . . 2 4 3 3 . Max Kills in Single Turn 2 | . 2 1 . 1 2 2 1 1 . 1 1 2 1 1 1 . . 1 1 1 1 1 Gunslinging 1 | . 1 . . . . . . . . . . . . . . . . . . . . . Exploded 1 | . . . . . . 1 1 . . . . . . . . . . . . . . . Melee 1 | . . . . . . . . . . . . . 1 . . . . . 1 . . . Uniques/NPCs Destroyed 2 | . . . . 1 . . . . . . . 1 . . . . . . . . . . YI-UF0 (-9/Mines) A7 (-6/Extension) Combat | -11 -10 -10 -10 -9 -8 -7 -7 -7 -7 -6 -6 -6 -6 -6 -6 -5 -4 -4 -3 -3 -2 -2 -------- Run | Yrd Mat Min Exi Min Mat Fac Low Low Dat Pro Fac Ext Cet Arc Hub Fac Fac DSF Res Arm Res Gar Hostile Shots Fired 1242 | . 25 . . 2 66 127 7 51 . 25 4 172 87 20 18 . . 151 102 197 100 88 Missed 381 | . 7 . . . 12 27 2 12 . 8 3 50 25 6 6 . . 62 27 76 28 30 Damage Taken 18124 | . 192 . . 54 805 2115 113 457 . 296 15 2024 1540 328 163 . . 1839 1709 2908 2203 1363 Core 4234 | . 43 . . 7 108 389 34 57 . 49 . 281 398 . . . . 240 456 718 455 999 Absorbed by Shields 412 | . . . . . . . . . . . . 186 . . . . . . . 167 . 59 Redirected to Shielding 105 | . . . . . . . . . . . . . . . . . . . . . 90 15 Core Remaining (%) 61 | 100 . . . 80 80 . . . . 24 . . . . 20 100 . 79 . 9 . . Volleys Fired 418 | . 25 1 . 1 46 61 7 15 . 14 2 67 13 18 7 . . 9 27 61 39 5 Largest 5 | . 2 2 . 2 3 3 3 3 . 3 4 4 4 4 4 . . 5 2 5 5 1 Hottest 305 | . 40 40 . 40 132 137 186 186 . 189 252 252 116 136 136 . . 169 88 305 280 110 Shots Fired 1165 | . 50 2 . 2 122 177 18 37 . 38 8 228 45 63 30 . . 45 44 162 89 5 Gun 802 | . 50 2 . 2 80 140 4 11 . 8 2 75 45 63 30 . . 45 42 126 77 . Cannon 363 | . . . . . 42 37 14 26 . 30 6 153 . . . . . . 2 36 12 5 Launcher . | . . . . . . . . . . . . . . . . . . . . . . . Special . | . . . . . . . . . . . . . . . . . . . . . . . Kinetic 899 | . 50 2 . 2 99 167 7 16 . . 2 152 45 63 30 . . 45 42 120 57 . Thermal 212 | . . . . . 23 10 4 14 . 15 4 72 . . . . . . . 42 23 5 Explosive . | . . . . . . . . . . . . . . . . . . . . . . . Electromagnetic 54 | . . . . . . . 7 7 . 23 2 4 . . . . . . 2 . 9 . Robot Hit Streak 13 | . 8 1 . 2 8 10 10 12 . 6 9 11 13 10 3 . . 9 6 13 9 4 Robot Miss Streak 10 | . 2 . . . 5 10 3 4 . 3 2 10 4 2 3 . . 2 3 5 3 . Penetration Max 2 | . . . . . . 1 . . . . . 2 . . . . . . 1 1 . . Secondary Targets 6 | . 1 . . . 1 2 . . . . . . . . . . . . . . 2 . Max Gunslinging Chain 1 | . 1 . . . 1 1 . . . . . . . . . . . . . . 1 . Shots Hit Robots 756 | . 32 1 . 1 81 134 11 18 . 24 6 122 42 33 13 . . 32 40 111 51 4 Core Hits 404 | . 17 1 . 1 53 129 5 7 . 15 2 58 7 15 7 . . 9 19 37 21 1 Critical Kills 9 | . . . . . . . . . . . . 6 2 . . . . . 1 . . . Critical Parts Destroyed 19 | . . . . . . . . . . . . 11 4 . 1 . . 2 1 . . . Critical Strikes 46 | . . . . . . . 1 . . . 2 24 6 1 1 . . 3 3 5 . . Burn 4 | . . . . . . . . . . . 1 1 . . . . . . . 2 . . Destroy 28 | . . . . . . . . . . . . 20 1 1 1 . . 3 2 . . . Blast 6 | . . . . . . . 1 . . . . 2 . . . . . . . 3 . . Corrupt 1 | . . . . . . . . . . . 1 . . . . . . . . . . . Smash 6 | . . . . . . . . . . . . 1 5 . . . . . . . . . Impale 1 | . . . . . . . . . . . . . . . . . . . 1 . . . Melee Attacks 49 | . . . . . . . . . . . . 6 14 . . . . . 20 9 . . Impact 17 | . . . . . . . . . . . . 4 13 . . . . . . . . . Slashing 3 | . . . . . . . . . . . . 2 1 . . . . . . . . . Piercing 29 | . . . . . . . . . . . . . . . . . . . 20 9 . . Sneak Attacks 2 | . . . . . . . . . . . . . . . . . . . 2 . . . Combat Hostiles . | . . . . . . . . . . . . . . . . . . . . . . . Follow-up Attacks 3 | . . . . . . . . . . . . 2 1 . . . . . . . . . Damage Inflicted 18843 | . 343 14 . 11 1141 2913 316 384 . 632 150 3652 1025 646 390 . . 980 1429 3213 1439 165 Guns 11225 | . 343 14 . 11 502 1932 58 116 . 130 52 1130 675 646 390 . . 980 865 2078 1303 . Cannons 5991 | . . . . . 639 710 205 268 . 502 98 2342 . . . . . . . 926 136 165 Explosions 324 | . . . . . . 271 53 . . . . . . . . . . . . . . . Melee 1303 | . . . . . . . . . . . . 180 350 . . . . . 564 209 . . Ramming . | . . . . . . . . . . . . . . . . . . . . . . . Kinetic 13096 | . 343 14 . 11 857 2520 52 149 . . 62 2350 675 646 390 . . 980 865 2349 833 . Thermal 3478 | . . . . . 284 247 111 162 . 162 82 1028 . . . . . . . 655 582 165 Explosive 101 | . . . . . . 101 . . . . . . . . . . . . . . . . Electromagnetic 865 | . . . . . . 45 153 73 . 470 6 94 . . . . . . . . 24 . Impact 449 | . . . . . . . . . . . . 142 307 . . . . . . . . . Slashing 81 | . . . . . . . . . . . . 38 43 . . . . . . . . . Piercing 773 | . . . . . . . . . . . . . . . . . . . 564 209 . . Highest Corruption 37 | . . . . . 4 6 6 6 6 13 . 12 32 37 37 . . . 5 9 12 14 Average Corruption 10 | . . . . . 4 2 6 6 6 10 . 7 26 36 37 . . . 4 6 8 12 Corruption Purged . | . . . . . . . . . . . . . . . . . . . . . . . Corruption Blocked 36 | . . . . . . 8 . . . . . . . . . . . . . 28 . . Effects 290 | . . . . . 8 36 26 21 3 18 . 40 27 33 33 . . . 7 25 6 7 Message Errors 75 | . . . . . 1 8 8 4 2 5 . 8 8 10 10 . . . 2 5 3 1 Matter Fused 63 | . . . . . 3 14 6 3 1 4 . 8 3 6 3 . . . 1 9 2 . Heat Flow Errors 25 | . . . . . . 2 3 5 . 2 . 4 1 1 3 . . . . 2 . 2 Energy Discharges 31 | . . . . . 1 2 1 4 . 1 . 7 2 4 4 . . . 2 1 1 1 Parts Rejected 4 | . . . . . . 1 . . . 1 . 1 1 . . . . . . . . . Parts Fused 4 | . . . . . . . . 1 . . . 1 . . 1 . . . . . . 1 Data Loss (minor) 28 | . . . . . 1 6 5 1 . 2 . 2 4 2 2 . . . 1 2 . . Data Loss (major) 15 | . . . . . . . 2 1 . . . 3 1 2 2 . . . 1 2 . 1 Misfires 14 | . . . . . 1 2 . 2 . 2 . 1 . 1 4 . . . . 1 . . Alerts 6 | . . . . . . 1 1 . . 1 . 2 . . 1 . . . . . . . Misdirections 4 | . . . . . . . . . . . . 1 1 . 1 . . . . . . 1 Weapon Failures 21 | . . . . . 1 . . . . . . 2 6 7 2 . . . . 3 . . Overload Shots . | . . . . . . . . . . . . . . . . . . . . . . . Overflow Damage 491 | . . . . . . 115 . 1 . 14 . 98 75 . . . . . 117 39 2 30 Projectiles 127 | . . . . . . 32 . 1 . 14 . 9 . . . . . . . 39 2 30 Explosions 83 | . . . . . . 83 . . . . . . . . . . . . . . . . Melee 281 | . . . . . . . . . . . . 89 75 . . . . . 117 . . . Knockbacks 39 | . . . . . 8 3 2 3 . . 1 15 . . . . . . . 6 1 . Impact 2 | . . . . . . . . . . . . 2 . . . . . . . . . . Kinetic 36 | . . . . . 8 3 2 3 . . 1 12 . . . . . . . 6 1 . Secondary 1 | . . . . . . . . . . . . 1 . . . . . . . . . . Self-Inflicted Damage 239 | . . . . . . 209 30 . . . . . . . . . . . . . . . Shots 5 | . . . . . . 4 1 . . . . . . . . . . . . . . . Rammed . | . . . . . . . . . . . . . . . . . . . . . . . Targets Rammed . | . . . . . . . . . . . . . . . . . . . . . . . Kicked . | . . . . . . . . . . . . . . . . . . . . . . . Crushed . | . . . . . . . . . . . . . . . . . . . . . . . Highest Temperature 829 | . 9 . . . 380 456 394 450 . 363 264 632 96 154 188 . . . 48 829 272 208 Average Temperature 136 | . 9 . . . 128 51 144 155 . 147 142 190 31 94 103 . . . 21 242 78 83 Received Heat Transfer 2107 | . 75 . . . 414 204 45 . . 90 . 341 450 54 69 . . 42 9 278 9 27 Effects 50 | . . . . . . 2 4 2 . 4 . 21 . . . . . . . 16 1 . Shutdowns 8 | . . . . . . . . 1 . . . 2 . . . . . . . 5 . . Energy Bleed 6 | . . . . . . 2 . 1 . 1 . 2 . . . . . . . . . . Interference 14 | . . . . . . . 4 . . 2 . 5 . . . . . . . 2 1 . Matter Decay 2 | . . . . . . . . . . 1 . 1 . . . . . . . . . . Short Circuit 5 | . . . . . . . . . . . . 1 . . . . . . . 4 . . Damage (minor) 2 | . . . . . . . . . . . . 2 . . . . . . . . . . Damage (major) 12 | . . . . . . . . . . . . 8 . . . . . . . 4 . . Damage (core) 1 | . . . . . . . . . . . . . . . . . . . . 1 . . Siege Activations . | . . . . . . . . . . . . . . . . . . . . . . . Robots Corrupted 1 | . . . . . . . . . . 1 . . . . . . . . . . . . Combat Hostiles 1 | . . . . . . . . . . 1 . . . . . . . . . . . . Parts Fried 6 | . . . . . . . 1 . . . . 3 2 . . . . . . . . . Impact Corruptions 8 | . . . . . . . . . . . . 5 3 . . . . . . . . . Robots Melted 1 | . . . . . . . . . . . . . . . . . . . . 1 . . Combat Hostiles 1 | . . . . . . . . . . . . . . . . . . . . 1 . . Parts Melted 13 | . . . . . . . . . . . 1 5 . . . . . . . 4 3 . Heat Transferred 5716 | . . . . . 518 272 161 296 . 259 185 1961 . . . . . . . 1509 555 . Parts Sabotaged . | . . . . . . . . . . . . . . . . . . . . . . . Parts Stolen 3 | . . . . . . . . 3 . . . . . . . . . . . . . . Parts Stripped . | . . . . . . . . . . . . . . . . . . . . . . . Power Chain Reactions 1 | . . . . . . . 1 . . . . . . . . . . . . . . . Alert | -11 -10 -10 -10 -9 -8 -7 -7 -7 -7 -6 -6 -6 -6 -6 -6 -5 -4 -4 -3 -3 -2 -2 ------- Run | Yrd Mat Min Exi Min Mat Fac Low Low Dat Pro Fac Ext Cet Arc Hub Fac Fac DSF Res Arm Res Gar Peak Influence 365 | . 152 63 . . 331 365 . . . . 45 364 190 226 101 36 17 46 256 274 152 35 Initial 168 | . . 33 . . . 95 . . . . . 21 168 . 14 36 17 11 . 123 81 25 Average 136 | . 61 31 . . 120 254 . . . . 21 137 144 128 53 36 17 10 113 160 71 21 Maximum Alert Level 1 | . . . . . 1 1 . . . . . 1 . 1 . . . . 1 1 . . Low Security (%) 73 | 100 100 100 . 100 72 30 . . . . 100 71 100 97 100 100 100 100 77 74 100 100 Level 1 26 | . . . . . 27 69 . . . . . 28 . 2 . . . . 22 25 . . Level 2 . | . . . . . . . . . . . . . . . . . . . . . . . Level 3 . | . . . . . . . . . . . . . . . . . . . . . . . Level 4 . | . . . . . . . . . . . . . . . . . . . . . . . Level 5 . | . . . . . . . . . . . . . . . . . . . . . . . High Security . | . . . . . . . . . . . . . . . . . . . . . . . Max Security . | . . . . . . . . . . . . . . . . . . . . . . . Squads Dispatched 35 | . 1 . . . 2 12 . . . . 2 2 1 . 1 . . 1 2 6 5 . Investigation 8 | . . . . . 1 4 . . . . 2 . 1 . . . . . . . . . Extermination 10 | . . . . . . 5 . . . . . . . . . . . . 1 2 2 . Reinforcement 16 | . 1 . . . 1 2 . . . . . 2 . . 1 . . 1 1 4 3 . Assault . | . . . . . . . . . . . . . . . . . . . . . . . Garrison 1 | . . . . . . 1 . . . . . . . . . . . . . . . . Intercept . | . . . . . . . . . . . . . . . . . . . . . . . Searches Triggered . | . . . . . . . . . . . . . . . . . . . . . . . Construction Impeded 2 | . . . . . . . . . . . . 2 . . . . . . . . . . Haulers Reinforced . | . . . . . . . . . . . . . . . . . . . . . . . Active Scanning Responses . | . . . . . . . . . . . . . . . . . . . . . . . Cargo Convoy Interrupts 1 | . . . . . . 1 . . . . . . . . . . . . . . . . Stealth | -11 -10 -10 -10 -9 -8 -7 -7 -7 -7 -6 -6 -6 -6 -6 -6 -5 -4 -4 -3 -3 -2 -2 --------- Run | Yrd Mat Min Exi Min Mat Fac Low Low Dat Pro Fac Ext Cet Arc Hub Fac Fac DSF Res Arm Res Gar Distress Signals 11 | . . 1 . . 2 1 . . . . . 2 2 . . . . . . 3 . . Communications Jammed . | . . . . . . . . . . . . . . . . . . . . . . . Distress Signals . | . . . . . . . . . . . . . . . . . . . . . . . Times Spotted 262 | . 11 . . 1 23 42 4 9 . 10 2 33 12 5 4 . . 9 24 37 18 18 Peak Tracking Total 18 | . 3 . . 1 5 4 3 4 . 4 1 5 5 1 2 . . 7 6 11 8 18 Tactical Retreats 27 | . 2 . . . 1 1 1 1 . 3 . 4 2 . . . . . 7 3 2 . Traps | -11 -10 -10 -10 -9 -8 -7 -7 -7 -7 -6 -6 -6 -6 -6 -6 -5 -4 -4 -3 -3 -2 -2 ------- Run | Yrd Mat Min Exi Min Mat Fac Low Low Dat Pro Fac Ext Cet Arc Hub Fac Fac DSF Res Arm Res Gar Traps Triggered 11 | . . . . . . 2 . . . . . 4 . . . . . 1 . 2 . 2 Indirectly . | . . . . . . . . . . . . . . . . . . . . . . . Trap Hack Attempts . | . . . . . . . . . . . . . . . . . . . . . . . Triggered . | . . . . . . . . . . . . . . . . . . . . . . . Disarmed . | . . . . . . . . . . . . . . . . . . . . . . . Reprogrammed . | . . . . . . . . . . . . . . . . . . . . . . . Reused . | . . . . . . . . . . . . . . . . . . . . . . . Traps Extracted . | . . . . . . . . . . . . . . . . . . . . . . . Installed . | . . . . . . . . . . . . . . . . . . . . . . . Triggered 3 | . . . . . . 2 . . . . . 1 . . . . . . . . . . Machines | -11 -10 -10 -10 -9 -8 -7 -7 -7 -7 -6 -6 -6 -6 -6 -6 -5 -4 -4 -3 -3 -2 -2 ---------- Run | Yrd Mat Min Exi Min Mat Fac Low Low Dat Pro Fac Ext Cet Arc Hub Fac Fac DSF Res Arm Res Gar Machines Disabled 23 | . . . . . 1 6 . . . . . 2 1 8 2 . . . . 3 . . Max in Single Turn 2 | . . . . . 1 2 . . . . . 1 1 2 1 . . . . 1 . . Garrison Access 1 | . . . . . . 1 . . . . . . . . . . . . . . . . Machines Repaired . | . . . . . . . . . . . . . . . . . . . . . . . Machines Dismantled . | . . . . . . . . . . . . . . . . . . . . . . . Machines Sabotaged . | . . . . . . . . . . . . . . . . . . . . . . . Overloaded Fab Kills . | . . . . . . . . . . . . . . . . . . . . . . . Hacking | -11 -10 -10 -10 -9 -8 -7 -7 -7 -7 -6 -6 -6 -6 -6 -6 -5 -4 -4 -3 -3 -2 -2 --------- Run | Yrd Mat Min Exi Min Mat Fac Low Low Dat Pro Fac Ext Cet Arc Hub Fac Fac DSF Res Arm Res Gar Machines Accessed 46 | . 3 . 4 . 4 14 2 . 4 . 2 . 2 1 3 . 1 . 4 1 1 . Terminals 25 | . 3 . . . 3 8 1 . . . 1 . 2 . 2 . 1 . 3 1 . . Fabricators 1 | . . . . . . 1 . . . . . . . . . . . . . . . . Repair Stations . | . . . . . . . . . . . . . . . . . . . . . . . Recycling Units 2 | . . . . . . 2 . . . . . . . . . . . . . . . . Scanalyzers 1 | . . . . . 1 . . . . . . . . . . . . . . . . . Garrison Access 7 | . . . . . . 3 . . . . 1 . . . 1 . . . 1 . 1 . Total Hacks 176 | . 10 . 28 . 13 33 2 . 29 . 4 . 4 25 5 . 1 . 18 2 2 . Successful 132 | . 5 . 28 . 7 20 2 . 29 . . . 1 25 1 . 1 . 10 2 1 . Failed 44 | . 5 . . . 6 13 . . . . 4 . 3 . 4 . . . 8 . 1 . Catastrophic 9 | . 2 . . . . 2 . . . . 1 . 1 . 1 . . . 2 . . . Database Lockouts . | . . . . . . . . . . . . . . . . . . . . . . . Manual 40 | . 7 . 1 . 7 13 1 . . . 2 . . . 4 . . . 4 1 . . Terminals 66 | . 10 . . . 11 15 1 . . . 2 . 4 . 4 . 1 . 16 2 . . Fabricators 4 | . . . . . . 4 . . . . . . . . . . . . . . . . Repair Stations . | . . . . . . . . . . . . . . . . . . . . . . . Recycling Units 7 | . . . . . . 7 . . . . . . . . . . . . . . . . Scanalyzers 2 | . . . . . 2 . . . . . . . . . . . . . . . . . Garrison Access 14 | . . . . . . 7 . . . . 2 . . . 1 . . . 2 . 2 . Terminal Hacks 102 | . 2 . 28 . 2 4 2 . 29 . . . 1 25 . . 1 . 7 1 . . Record 71 | . . . 27 . . . 1 . 11 . . . 1 25 . . . . 6 . . . Part Schematic 11 | . . . . . . . . . 11 . . . . . . . . . . . . . Robot Schematic 4 | . . . . . . . . . 4 . . . . . . . . . . . . . Prototype ID Bank 3 | . . . . . . . . . 3 . . . . . . . . . . . . . Open Door 1 | . . . . . . . 1 . . . . . . . . . . . . . . . Open DSF 2 | . . . . . . 1 . . . . . . . . . . 1 . . . . . Branch Access Points 1 | . 1 . . . . . . . . . . . . . . . . . . . . . Alert Level 2 | . 1 . . . . . . . . . . . . . . . . . 1 . . . Unreport Threat 1 | . . . . . . 1 . . . . . . . . . . . . . . . . Locate Traps 1 | . . . . . . 1 . . . . . . . . . . . . . . . . Dispatch Records 1 | . . . . . 1 . . . . . . . . . . . . . . . . . Recall Investigation 2 | . . . . . 1 1 . . . . . . . . . . . . . . . . Zone Layout 1 | . . . . . . . . . . . . . . . . . . . . 1 . . Derelict Proto ID Bank 1 | . . . 1 . . . . . . . . . . . . . . . . . . . Fabricator Hacks 3 | . . . . . . 3 . . . . . . . . . . . . . . . . Network Status 1 | . . . . . . 1 . . . . . . . . . . . . . . . . Load Schematic 1 | . . . . . . 1 . . . . . . . . . . . . . . . . Build 1 | . . . . . . 1 . . . . . . . . . . . . . . . . Repair Station Hacks . | . . . . . . . . . . . . . . . . . . . . . . . Recycling Unit Hacks 5 | . . . . . . 5 . . . . . . . . . . . . . . . . Process 2 | . . . . . . 2 . . . . . . . . . . . . . . . . Retrieve Matter 3 | . . . . . . 3 . . . . . . . . . . . . . . . . Scanalyzer 2 | . . . . . 2 . . . . . . . . . . . . . . . . . Insert Component 1 | . . . . . 1 . . . . . . . . . . . . . . . . . Analyze 1 | . . . . . 1 . . . . . . . . . . . . . . . . . Garrison Access Hacks 3 | . . . . . . 1 . . . . . . . . 1 . . . . . 1 . Unlock Access 2 | . . . . . . . . . . . . . . . 1 . . . . . 1 . Seal Access 1 | . . . . . . 1 . . . . . . . . . . . . . . . . Unauthorized Hacks 17 | . 3 . . . 3 7 . . . . . . . . . . . . 3 1 . . Terminals 15 | . 3 . . . 3 5 . . . . . . . . . . . . 3 1 . . Assimilate 2 | . . . . . . 1 . . . . . . . . . . . . 1 . . . Botnet 13 | . 3 . . . 3 4 . . . . . . . . . . . . 2 1 . . Fabricators . | . . . . . . . . . . . . . . . . . . . . . . . Repair Stations . | . . . . . . . . . . . . . . . . . . . . . . . Recycling Units . | . . . . . . . . . . . . . . . . . . . . . . . Scanalyzers . | . . . . . . . . . . . . . . . . . . . . . . . Garrison Access 2 | . . . . . . 2 . . . . . . . . . . . . . . . . Reprogram 2 | . . . . . . 2 . . . . . . . . . . . . . . . . Data Cores Recovered . | . . . . . . . . . . . . . . . . . . . . . . . Used . | . . . . . . . . . . . . . . . . . . . . . . . Hacking Detections 29 | . 3 . . . 3 10 1 . . . 2 . 1 . 3 . . . 4 1 1 . Full Trace Events 8 | . 1 . . . 1 3 . . . . 2 . 1 . . . . . . . . . Feedback Events 1 | . . . . . . 1 . . . . . . . . . . . . . . . . Corruption 1 | . . . . . . 1 . . . . . . . . . . . . . . . . Feedback Blocked . | . . . . . . . . . . . . . . . . . . . . . . . Robot Schematics Acquired 4 | . . . . . . . . . 4 . . . . . . . . . . . . . Robots Built . | . . . . . . . . . . . . . . . . . . . . . . . Authchips . | . . . . . . . . . . . . . . . . . . . . . . . Time . | . . . . . . . . . . . . . . . . . . . . . . . Total Robot Build Rating . | . . . . . . . . . . . . . . . . . . . . . . . Part Schematics Acquired 12 | . . . . . 1 . . . 11 . . . . . . . . . . . . . Parts Built 2 | . . . . . . 2 . . . . . . . . . . . . . . . . Authchips . | . . . . . . . . . . . . . . . . . . . . . . . Time 95 | . . . . . . 95 . . . . . . . . . . . . . . . . Total Part Build Rating 10 | . . . . . . 10 . . . . . . . . . . . . . . . . Parts Repaired . | . . . . . . . . . . . . . . . . . . . . . . . Time . | . . . . . . . . . . . . . . . . . . . . . . . Parts Recycled . | . . . . . . . . . . . . . . . . . . . . . . . Recycled Matter 29 | . . . . . . 29 . . . . . . . . . . . . . . . . Retrieved Matter 11 | . . . . . . 11 . . . . . . . . . . . . . . . . Retrieved Components . | . . . . . . . . . . . . . . . . . . . . . . . Parts Scanalyzed 1 | . . . . . 1 . . . . . . . . . . . . . . . . . Part Schematics Acquired 1 | . . . . . 1 . . . . . . . . . . . . . . . . . Parts Damaged 1 | . . . . . 1 . . . . . . . . . . . . . . . . . Bothacking | -11 -10 -10 -10 -9 -8 -7 -7 -7 -7 -6 -6 -6 -6 -6 -6 -5 -4 -4 -3 -3 -2 -2 ------------ Run | Yrd Mat Min Exi Min Mat Fac Low Low Dat Pro Fac Ext Cet Arc Hub Fac Fac DSF Res Arm Res Gar Used RIF Installer . | . . . . . . . . . . . . . . . . . . . . . . . Robots Hacked . | . . . . . . . . . . . . . . . . . . . . . . . Non-combat . | . . . . . . . . . . . . . . . . . . . . . . . Combat . | . . . . . . . . . . . . . . . . . . . . . . . Robot Hacks Applied . | . . . . . . . . . . . . . . . . . . . . . . . Relay Couplers Released . | . . . . . . . . . . . . . . . . . . . . . . . Fabnet Peak Effective % . | . . . . . . . . . . . . . . . . . . . . . . . Robots Rewired 4 | . . . . . . . . . . . . 2 . . . . . . . . . 2 Allies Hacked . | . . . . . . . . . . . . . . . . . . . . . . . Hacks Repelled . | . . . . . . . . . . . . . . . . . . . . . . . Allies | -11 -10 -10 -10 -9 -8 -7 -7 -7 -7 -6 -6 -6 -6 -6 -6 -5 -4 -4 -3 -3 -2 -2 -------- Run | Yrd Mat Min Exi Min Mat Fac Low Low Dat Pro Fac Ext Cet Arc Hub Fac Fac DSF Res Arm Res Gar Total Allies 13 | . . . . . . 4 . . . 1 . 5 . . . . . . 1 . . 2 Largest Group 4 | . . . . . . 4 . . . 1 . 3 . . . . . . 1 . . 1 Highest-Rated Group 215 | . . . . . . 58 . . . 96 . 215 . . . . . . 45 . . 48 Highest-Rated Ally 159 | . . . . . . 16 . . . 96 . 159 . . . . . . 45 . . 48 Total Orders . | . . . . . . . . . . . . . . . . . . . . . . . Ally Attacks 107 | . . . . . . 58 . . . 6 . 41 . . . . . . . . . 2 Total Damage 2256 | . . . . . . 624 . . . 141 . 1375 . . . . . . . . . 116 Kills 19 | . . . . . . 8 . . . . . 11 . . . . . . . . . . Allies Corrupted 1 | . . . . . . . . . . . . 1 . . . . . . . . . . Allies Melted 1 | . . . . . . . . . . 1 . . . . . . . . . . . . Intel | -11 -10 -10 -10 -9 -8 -7 -7 -7 -7 -6 -6 -6 -6 -6 -6 -5 -4 -4 -3 -3 -2 -2 ------- Run | Yrd Mat Min Exi Min Mat Fac Low Low Dat Pro Fac Ext Cet Arc Hub Fac Fac DSF Res Arm Res Gar Robot Analysis Total . | . . . . . . . . . . . . . . . . . . . . . . . Derelict Logs Recovered 3 | . . 1 . . . . 1 . . 1 . . . . . . . . . . . . Drone Launches . | . . . . . . . . . . . . . . . . . . . . . . . Drone Recoveries . | . . . . . . . . . . . . . . . . . . . . . . . Exploration | -11 -10 -10 -10 -9 -8 -7 -7 -7 -7 -6 -6 -6 -6 -6 -6 -5 -4 -4 -3 -3 -2 -2 ------------- Run | Yrd Mat Min Exi Min Mat Fac Low Low Dat Pro Fac Ext Cet Arc Hub Fac Fac DSF Res Arm Res Gar Turns Passed 13580 | 49 771 710 717 87 516 2784 922 724 99 520 301 1361 432 489 599 38 7 222 692 809 605 126 Spaces Moved 8439 | 38 285 378 386 35 241 1724 700 527 76 335 220 723 207 257 322 23 5 110 1057 386 313 91 Core 71 | 11 . . . . . . . . . . . . 6 . . . . 6 8 . 6 34 Treads 873 | . . . . . . . . . . . . . 177 257 322 23 5 89 . . . . Legs 4992 | 27 40 . . . 179 1724 700 527 76 335 220 723 24 . . . . . . 217 200 . Wheels 1106 | . 245 378 386 35 62 . . . . . . . . . . . . . . . . . Hover . | . . . . . . . . . . . . . . . . . . . . . . . Flight 1397 | . . . . . . . . . . . . . . . . . . 15 1049 169 107 57 Fastest Speed 21 | 50 120 185 185 185 80 120 123 120 123 123 123 120 50 160 160 160 160 31 21 34 35 39 Average Speed 125 | 99 221 185 185 185 109 126 123 124 123 123 125 127 152 160 160 160 160 139 37 112 149 82 Slowest Speed 610 | 120 610 185 185 185 120 200 123 260 123 123 126 190 160 160 160 160 160 160 117 330 400 200 Overloaded Moves 13 | . . . . . . . . . . . . . . . . . . . 13 . . . Propulsion Burnouts . | . . . . . . . . . . . . . . . . . . . . . . . Robots Hopped 12 | . . . . . . . . . . . . . . . . . . . 8 1 3 . Cave-ins Triggered . | . . . . . . . . . . . . . . . . . . . . . . . Exploration Rate (%) 42 | 3 53 64 77 11 25 38 84 65 68 58 6 68 68 98 26 1 1 91 16 26 6 26 Regions Visited 22 Branch Regions 12 Pre-discovered Areas 4 | . . 2 1 . . . . . 1 . . . . . . . . . . . . . Known Exits Taken 12 | . 1 . . . 1 1 1 1 1 1 1 . . . 1 . 1 . . 1 1 . Unknown Exits Taken 9 | 1 . 1 1 1 . . . . . . . 1 1 1 . 1 . . 1 . . . Scrap Searched 10 | . . . . 1 . . 4 2 . 3 . . . . . . . . . . . . Spaces Dug 3 | . . . . . . . . . . . . . 2 . . . . . 1 . . . Terrain Destroyed 191 | . . . . . . 55 13 6 . . . 38 7 18 17 . . . 4 19 14 . Melee 1 | . . . . . . . . . . . . . . . . . . . 1 . . . Projectile 129 | . . . . . . 3 4 6 . . . 38 7 18 17 . . . 3 19 14 . AOE 61 | . . . . . . 52 9 . . . . . . . . . . . . . . . Terrain Rammed . | . . . . . . . . . . . . . . . . . . . . . . . Walls Destroyed . | . . . . . . . . . . . . . . . . . . . . . . . Machines Disabled . | . . . . . . . . . . . . . . . . . . . . . . . Actions | -11 -10 -10 -10 -9 -8 -7 -7 -7 -7 -6 -6 -6 -6 -6 -6 -5 -4 -4 -3 -3 -2 -2 --------- Run | Yrd Mat Min Exi Min Mat Fac Low Low Dat Pro Fac Ext Cet Arc Hub Fac Fac DSF Res Arm Res Gar Total 10536 | 49 381 387 389 56 408 2199 747 566 83 415 243 1036 276 294 388 24 4 155 1269 641 389 137 Wait 1036 | . 52 9 . 21 80 307 30 11 5 43 13 167 3 1 53 . . 20 94 99 5 23 Move 8395 | 37 284 377 385 34 240 1723 699 526 75 334 219 722 206 256 321 22 4 109 1040 383 308 91 Hop 11 | . . . . . . . . . . . . . . . . . . . 8 1 2 . Pick Up 249 | 6 12 . 4 . 13 56 3 6 . 11 2 27 17 9 3 . . 6 31 29 14 . Fast Attach . | . . . . . . . . . . . . . . . . . . . . . . . Attach 193 | 6 4 . . . 11 26 5 6 . 8 4 23 13 5 . 2 . 6 30 28 15 1 Detach 23 | . . . . . 1 1 1 1 3 1 1 1 2 . . . . 2 5 2 1 1 Swap 25 | . . . . . 5 8 . . . . . 3 2 1 2 . . . 2 2 . . Drop 98 | . 4 . . . 12 17 2 1 . 4 2 8 7 4 2 . . 3 12 15 5 . Fire 418 | . 25 1 . 1 46 61 7 15 . 14 2 67 13 18 7 . . 9 27 61 39 5 Melee 46 | . . . . . . . . . . . . 4 13 . . . . . 20 9 . . Ram . | . . . . . . . . . . . . . . . . . . . . . . . Kick . | . . . . . . . . . . . . . . . . . . . . . . . Crush . | . . . . . . . . . . . . . . . . . . . . . . . Escape Stasis 17 | . . . . . . . . . . . . . . . . . . . . 12 . 5 Rewire 25 | . . . . . . . . . . . . 14 . . . . . . . . . 11 Trap . | . . . . . . . . . . . . . . . . . . . . . . . Miscellaneous . | . . . . . . . . . . . . . . . . . . . . . . . Route ------- -11/Scrapyard -10/Materials -10/Mines (discovered 2 exits: *Exi / [*Sub]) -10/Exiles -9/Mines -8/Materials -7/Factory -7/Lower Caves -7/Lower Caves (discovered 2 exits: *Fac / *Dat) -7/Data Miner -6/Proximity Caves -6/Factory -6/Extension (discovered 3 exits: *Fac x2 / *Cet) -6/Cetus -6/Archives (discovered 3 exits: *Fac / *Hub x2) -6/Hub_04(d) (discovered 2 exits: *Fac / Gar) -5/Factory -4/Factory -4/DSF -3/Research -3/Armory -2/Research -2/Garrison History --------- Turn | Location | Event 4 | -11/Scrapyard | Discovered new exit (range 13) 50 | -11/Scrapyard | Entered Materials 355 | -10/Materials | Build established: Hauler-Mutant 750 | -10/Materials | Identified exit to Mines 821 | -10/Materials | Entered Mines 825 | -10/Mines | Met a Derelict bent on vengeance 1192 | -10/Mines | Learned location of Recycling (-8) 1228 | -10/Mines | Learned location of Storage (-8) 1312 | -10/Mines | Discovered new exit (range 10) 1386 | -10/Mines | Deemed a non-threat by the Exiles lab entrance 1388 | -10/Mines | Discovered new exit (range 5) 1461 | -10/Mines | Assembled infested the area 1531 | -10/Mines | Entered Exiles 1584 | -10/Exiles | Met 8R-AWN 1612 | -10/Exiles | Met EX-HEX 1666 | -10/Exiles | Met EX-BIN 1692 | -10/Exiles | Aligned with FarCom system 1694 | -10/Exiles | Given EX-Vault access code 1738 | -10/Exiles | Opened EX-Vault 1819 | -10/Exiles | Warned to stay clear of 0b10 Research branches 1888 | -10/Exiles | Found Lightpack 2.0 1974 | -10/Exiles | Met EX-DEC 2030 | -10/Exiles | Visited The Gauntlet 2164 | -10/Exiles | Learned location of Zion (-6) 2227 | -10/Exiles | Discovered new exit (range 14) 2248 | -10/Exiles | Left Exiles lab with Lightpack 2.0 2248 | -10/Exiles | Entered Mines 2299 | -9/Mines | Destroyed YI-UF0 2306 | -9/Mines | Discovered new exit (range 15) 2335 | -9/Mines | Entered Materials 2335 | -8/Materials | Evolved 4 slots: Utility x3, Weapon x1 2487 | -8/Materials | Lost 3 parts (1p1n1w) 2674 | -8/Materials | Destroyed 8 combat bots 2683 | -8/Materials | Lost 3 parts (2n1w) 2813 | -8/Materials | Build established: Hauler-Skirmisher 2833 | -8/Materials | Discovered new exit (range 16) 2850 | -8/Materials | Identified exit to Factory 2851 | -8/Materials | Entered Factory 2851 | -7/Factory | Evolved 2 slots: Propulsion x1, Utility x1 3218 | -7/Factory | Lost 3 parts (1p1n1w) 3722 | -7/Factory | Garrison activated, responded to threat 4313 | -7/Factory | Fabricated Fission Core? 4527 | -7/Factory | Cargo convoy interrupted 5566 | -7/Factory | Discovered new exit (range 15) 5609 | -7/Factory | Core integrity fell below 50% 5631 | -7/Factory | Lost 4 parts (1p2n1w) 5634 | -7/Factory | Identified exit to Lower Caves 5635 | -7/Factory | Entered Lower Caves 6010 | -7/Lower Caves | Encountered a Warlord checkpoint 6378 | -7/Lower Caves | Learned Factory garrison access intel 6526 | -7/Lower Caves | Discovered new exit (range 11) 6556 | -7/Lower Caves | Identified exit to Lower Caves 6557 | -7/Lower Caves | Entered another Lower Caves area 6746 | -7/Lower Caves | Discovered new exit (range 7) 6751 | -7/Lower Caves | Identified exit to Factory 7138 | -7/Lower Caves | Spotted B-75 Beast 7266 | -7/Lower Caves | Discovered new exit (range 12) 7279 | -7/Lower Caves | Identified exit to Data Miner 7281 | -7/Lower Caves | Entered Data Miner 7281 | -7/Data Miner | Discovered new exit (range 6) 7305 | -7/Data Miner | Met Data Miner 7332 | -7/Data Miner | Acquired the access code to Warlord's prototype stash 7332 | -7/Data Miner | Learned location of Section 7 (-3) 7352 | -7/Data Miner | Received God Mode back door access code from Data Miner 7379 | -7/Data Miner | Identified exit to Proximity Caves 7380 | -7/Data Miner | Entered Proximity Caves 7405 | -6/Proximity Caves | Spotted B-75 Beast 7407 | -6/Proximity Caves | Escorted by Enhanced Grunt 7558 | -6/Proximity Caves | System corruption reached 10% 7670 | -6/Proximity Caves | Build established: Hauler-Gunner 7759 | -6/Proximity Caves | Learned Factory emergency access door positions 7852 | -6/Proximity Caves | Discovered exit to Factory (range 13) 7900 | -6/Proximity Caves | Entered Factory 7900 | -6/Factory | Evolved 2 slots: Utility x1, Weapon x1 7902 | -6/Factory | Loaded intel: 4 garrison access locations 8181 | -6/Factory | Discovered new exit (range 16) 8200 | -6/Factory | Identified exit to Extension 8201 | -6/Factory | Entered Extension 8207 | -6/Extension | Build established: Hauler-Skirmisher 8420 | -6/Extension | Rescued A7 8642 | -6/Extension | Rescued a captive Derelict 8660 | -6/Extension | Rescued a captive Derelict 9069 | -6/Extension | Spotted B-75 Beast 9077 | -6/Extension | Spotted B-75 Beast 9103 | -6/Extension | Allies destroyed B-75 Beast 9121 | -6/Extension | Destroyed B-75 Beast 9146 | -6/Extension | Discovered new exit (range 3) 9148 | -6/Extension | Identified exit to Factory 9181 | -6/Extension | Allies destroyed A7 9201 | -6/Extension | Disrupted transfer network 9231 | -6/Extension | System corruption reached 10% 9481 | -6/Extension | Lost 7 parts (1p2n2u2w) 9530 | -6/Extension | Discovered exit to Factory (range 16) 9530 | -6/Extension | Discovered new exit (range 16) 9562 | -6/Extension | Entered Cetus 9578 | -6/Cetus | Spotted Cetus Guard 9578 | -6/Cetus | Spotted Cetus Guard 9581 | -6/Cetus | Spotted Cetus Guard 9583 | -6/Cetus | Spotted Cetus Guard 9605 | -6/Cetus | Destroyed Cetus Guard 9610 | -6/Cetus | Core integrity fell below 50% 9613 | -6/Cetus | Destroyed Cetus Guard 9624 | -6/Cetus | Destroyed Cetus Guard 9626 | -6/Cetus | Destroyed Cetus Guard 9656 | -6/Cetus | Lost 10 parts (3n4u3w) 9678 | -6/Cetus | System corruption reached 30% 9928 | -6/Cetus | Discovered new exit (range 16) 9932 | -6/Cetus | Build established: Scavenger-Gunner 9961 | -6/Cetus | Spotted Cetus Guard 9961 | -6/Cetus | Spotted Cetus Guard 9994 | -6/Cetus | Entered Archives 10095 | -6/Archives | Discovered exit to Factory (range 13) 10114 | -6/Archives | Unable to access archive contents 10130 | -6/Archives | Unable to access archive contents 10147 | -6/Archives | Unable to access archive contents 10166 | -6/Archives | Unable to access archive contents 10171 | -6/Archives | Discovered new exit (range 16) 10253 | -6/Archives | Discovered new exit (range 14) 10257 | -6/Archives | Build established: Scavenger-Skirmisher 10483 | -6/Archives | Entered Hub_04(d) 10996 | -6/Hub_04(d) | Discovered exit to Factory (range 9) 11042 | -6/Hub_04(d) | Identified exit to Garrison 11082 | -6/Hub_04(d) | Entered Factory 11082 | -5/Factory | Evolved 2 slots: Propulsion x1, Weapon x1 11089 | -5/Factory | Discovered new exit (range 8) 11120 | -5/Factory | Entered another Factory area 11120 | -4/Factory | Evolved 2 slots: Utility x2 11125 | -4/Factory | Identified exit to DSF 11127 | -4/Factory | Entered DSF 11169 | -4/DSF | Additional patrols routed to DSF 11253 | -4/DSF | Lost 4 parts (1p2u1w) 11262 | -4/DSF | Found Prototype Device 11326 | -4/DSF | Identified Active Sensor Suite 11329 | -4/DSF | Discovered new exit (range 15) 11349 | -4/DSF | Entered Research 11349 | -3/Research | Evolved 2 slots: Power x1, Utility x1 11379 | -3/Research | Lost 5 parts (2n2u1w) 11458 | -3/Research | Lost 8 parts (4n1u3w) 11781 | -3/Research | Lost 4 parts (1p2n1w) 12024 | -3/Research | Discovered new exit (range 15) 12036 | -3/Research | Build established: Hacker-Mutant 12041 | -3/Research | Entered Armory 12042 | -3/Armory | Met VL-GR5, who suggested a friendly competition 12096 | -3/Armory | Core integrity fell below 50% 12246 | -3/Armory | Lost 4 parts (1p2n1u) 12485 | -3/Armory | Core integrity fell below 20% 12812 | -3/Armory | Discovered new exit (range 4) 12817 | -3/Armory | Identified exit to Research 12850 | -3/Armory | Entered Research 12850 | -2/Research | Evolved 2 slots: Power x1, Utility x1 12864 | -2/Research | Lost 4 parts (1p1n2u) 12945 | -2/Research | Build established: Scavenger-Tank 13130 | -2/Research | Found Prototype Device 13131 | -2/Research | Identified Femtoactuators 13299 | -2/Research | System corruption reached 10% 13351 | -2/Research | Lost 12 parts (3p3n1u5w) 13455 | -2/Research | Identified exit to Garrison 13455 | -2/Research | Entered Garrison 13479 | -2/Garrison | Lost 3 parts (1n1u1w) 13550 | -2/Garrison | P-80 Master assimilated allied Swordsman 9a 13560 | -2/Garrison | Core integrity fell below 50% 13564 | -2/Garrison | Spotted B-90 Cyclops 13564 | -2/Garrison | Triggered checkpoint 13567 | -2/Garrison | Triggered checkpoint 13572 | -2/Garrison | Core integrity fell below 20% 13581 | -2/Garrison | Destroyed by P-80 Master with Gamma Rifle Last Messages --------------- S-43 Plague destroyed. Penetrated by Slug. Slug penetrates Wall. Penetrated by Slug. Slug penetrates Garrison Door. Beams of light sweep through the air. An alarm sounds. Garrison Door breached. Beams of light sweep through the air. An alarm sounds. C-30 ARC bursts open, deploying its payload. S-43 Plague unfolds itself. Triggered Stasis Trap. A bubble of rippling energy engulfs the area. Field strength at 94. Field strength at 82. System corrupted: Substantial component data lost. Field strength at 76. Field strength at 58. Field strength at 34. Field strength at 16. Stasis field depleted. Map ----- +----------------------------------------------------+ | ?????????????????????????????????????????????????? | | ????????????????????????????????###?##""""######?? | | ???????????????????????????????## %" ### | | ??????????????????????????????? ? ? | | ???????????????????????????????? ? ?? | | ????????????????????????????????# ?# ## #?? | | ????????????????????????????????# ## ## ### | | ????????????????????????????????" # | | ????????????????????????????????" # | | ????????????????????????????????" # | | ????????????????????????????????" ? | | ????????????????????????????????# ## "# #?? | | ????????????????????????????????# #" ## #?? | | ????????????????????????????????# #?? | | ?????????????????g?ggg??????????# #?? | | ????????????????????????????????# #?? | | ????????????????????????????????# "# ## ##?? | | ????????????????????????????????# ## ## #??? | | ????????????????????????????????# s ##g##### #??? | | ????????????????????????????????#s ##g#???# #### | | ????????????????????????????p???# +g #???+" " | | ????????????????????????????????# h####???#%"#### | | ????????????????????????????????# l #?????##" ##?? | | ?????????????####################h #?????# % ### | | ???????????# s p #?????# [%= | | ???????????# @ ss #?????# =* | | ???????????# ss #????## ## | | ???????????# ######################????# # | | ????????????????????????????????????????### ! ## | | ????????????????????????????????????????# =%= ## | | ????????????????????????????????????????## !/ # | | ????????????????????????????????????????# # | | ????????????????????????????????????????##### #### | | ????????????????????????????????????????????###??? | | ?????????????????????????????????????????????????? | | ?????????????????????????????????????????????????? | | ?????????????????????????????????????????????????? | | ?????????????????????????????????????????????????? | | ?????????????????????????????????????????????????? | | ?????????????????????????????????????????????????? | | ?????????????????????????????????????????????????? | | ?????????????????????????????????????????????????? | | ?????????????????????????????????????????????????? | | ?????????????????????????????????????????????????? | | ?????????????????????????????????????????????????? | | ?????????????????????????????????????????????????? | | ?????????????????????????????????????????????????? | | ?????????????????????????????????????????????????? | | ?????????????????????????????????????????????????? | | ?????????????????????????????????????????????????? | +----------------------------------------------------+ Best States ------------- Heat Dissipation 103 Energy Generation 57 Energy Capacity 490 Matter Stores 300 Matter Capacity 300 Sight Range 16 Terrain Scan Range 16 Terrain Scan Density 210 ECM Strength 2 Armor Coverage 1200 Resistance: EM 15 Utility Shielding 66 Weapon Cycling 15 Phase Shifting 10 Evasion (%) 73 Melee Accuracy 8 Armor Integrity Analysis 40 Recoil Reduction 6 Energy Filtering 30 Kinecelleration 30 Offensive Hacking 24 Defensive Hacking 10 Item Schematics ----------------- Fission Core | -8/Materials | Scanalyzed Adv. Transmission Jammer | -7/Data Miner | Free Adv. Trap Extractor | -7/Data Miner | Free Adv. Sensor Array | -7/Data Miner | Free Hvy. Phase Cannon | -7/Data Miner | Free Recoil Nullifier | -7/Data Miner | Free Linear Gravjet | -7/Data Miner | Free Scatter Rocket Array | -7/Data Miner | Free Exp. Power Shielding | -7/Data Miner | Free Cld. Cesium-ion Thruster | -7/Data Miner | Free Lgt. Regenerative Plating | -7/Data Miner | Free Combat Drone Bay | -7/Data Miner | Free Robot Schematics ------------------ A-15 Conveyor | -7/Data Miner | Free R-10 Processor | -7/Data Miner | Free S-27 Virus | -7/Data Miner | Free P-60 Hacker | -7/Data Miner | Free Fabricated ------------ Fission Core | x2 | -7/Factory Alien Tech Used ----------------- None Achievements -------------- Explorer Knowing Is Half The Battle Prison Break Use The Force Challenges ------------ None Game ------ Seed BehemothIntegratedPod Manual? 0 Play Time 02:19:01 Cumulative 47.3 hours Start 2024.04.29 @ 19:41:01 End 2024.04.29 @ 22:19:23 Sessions 1 Manual Loads 0 Difficulty Rogue Special Mode None Game No. 60 Rogue 60 Adventurer 0 Explorer 0 Win Type - Total 0 Types 0/0/0/0/0/0/0/0/0 Lore% 20 Gallery% 43 Achievement% 35 Wizard Run 0 Options --------- Layout 1 ASCII 0 Keyboard 0 Movement Mouse Keybinds 0 Fullscreen 1 Font 32/SmallcapsGlow Map View 77x35 Zoom Use 0% Tactical HUD 0 Map Filters NONE Filters NONE Steam 1 RUN: 213e9e2b-2793-43bf-8c7f-ad681c06fef7